 Dungeon Crawl Stone Soup version 0.31.0-12-g77e489cdc1 (webtiles) character file.

Game seed: 16987155948255285198

1075 MollyMolluskus the Ruffian (level 8, -8/55 HPs)
             Began as an Octopode Fighter on Feb 13, 2024.
             Killed by nerve-wracking pain
             ... invoked by an orc priest
              (10 damage)
             ... on level 6 of the Dungeon.
             The game lasted 00:22:30 (4146 turns).

MollyMolluskus the Ruffian (Octopode Fighter)       Turns: 4146, Time: 00:22:30

Health: -8/55      AC:  5    Str: 16    XL:     8   Next: 29%
Magic:  8/8        EV: 20    Int: 10    God:
Gold:   85         SH:  5    Dex: 17    Spells: 7/7 levels left

rFire   x . .        b - +10 dagger of the Shrinking Asp {flame, *Noise rElec rPois Dex+4}
rCold   + . .        a - +0 buckler
rNeg    . . .        (helmet restricted)
rPois   +            (no amulet)
rElec   +            e - ring of poison resistance
rCorr   .            f - +5 ring of evasion
SInv    .            t - +4 ring of protection
Will    .....        i - ring of ice
Stlth   ++++         (no ring)
HPRegen 0.29/turn    (no ring)
MPRegen 0.11/turn    (no ring)
                     (no ring)

%: no passive effects
@: invisible
A: almost no armour, amphibious, 8 rings, camouflage 1, gelatinous body 1,
(nimble swimmer 1), tentacles
a: no special abilities


You were on level 6 of the Dungeon.
You visited 2 branches of the dungeon, and saw 7 of its levels.

You collected 251 gold pieces.
You spent 166 gold pieces at shops.

Inventory:

Hand Weapons
 b - the +10 dagger of the Shrinking Asp (weapon) {flame, *Noise rElec rPois Dex+4}
   (You bought it in a shop on level 1 of the Dungeon)

   Dex+4:     It affects your dexterity (+4).
   rElec:     It insulates you from electricity.
   rPois:     It protects you from poison *Noise: It may make a loud noise when
   swung.
 m - a +2 dagger of electrocution
Missiles
 n - 6 poisoned darts
 p - 8 boomerangs (quivered)
Armour
 a - a +0 buckler (worn)
Jewellery
 e - a ring of poison resistance (left tentacle)
 f - a +5 ring of evasion (right tentacle)
 i - a ring of ice (on tentacle)
 t - a +4 ring of protection (on tentacle)
Wands
 h - a wand of roots (13)
 r - a wand of polymorph (8)
 v - a wand of flame (23)
Scrolls
 o - 2 scrolls of teleportation
Potions
 c - 3 potions of enlightenment
 d - a potion of attraction
 j - a potion of resistance
 k - 2 potions of haste
 l - a potion of ambrosia {unknown}
 s - a potion of lignification {unknown}


   Skills:
 + Level 5.1 Fighting
 + Level 2.6 Short Blades
 + Level 5.1 Dodging
 - Level 4.0 Stealth
 - Level 4.0 Shields
 + Level 5.6 Unarmed Combat


You had 7 spell levels left.
You didn't know any spells.
Your spell library contained the following spells:

 Spells                   Type           Power      Damage    Failure   Level
 Cigotuvi's Dreadful Rot  Necr/Alch/Air  0%         N/A       58%         2
 Dispel Undead            Necr           0%         3d6       99%         4
 Martyr's Knell           Necr/Summ      0%         N/A       99%         4
 Death Channel            Necr           0%         N/A       100%        6


Dungeon Overview and Level Annotations

Branches:
Dungeon (6/15)             Temple (1/1) D:4

Altars:
Cheibriados
Dithmenos
Elyvilon
Fedhas
Gozag
Kikubaaqudgha
Nemelex Xobeh
Qazlal
Ru
Sif Muna
Trog
Uskayaw
Xom
Zin
The Shining One

Shops:
D:1 (   D:2 ??[


Innate Abilities, Weirdness & Mutations

You cannot wear most types of armour.
You are amphibious.
You can wear up to eight rings at the same time.
Your skin changes colour to match your surroundings (Stealth+).
Your rubbery body absorbs attacks. (AC +1, EV +1)
((You are camouflaged when in or above water. (Stealth+)))
You have tentacles for arms and can constrict up to eight enemies at once.


Message History

The orc warrior is heavily wounded.
You constrict the orc warrior, but do no damage.
The orc warrior unwields a +0 orcbow.
The orc warrior wields a +0 battleaxe.
The orc warrior barely misses you.
You hit the orc warrior but do no damage.
The orc warrior is heavily wounded.
You constrict the orc warrior, but do no damage.
The orc warrior hits you with a +0 battleaxe!
You hit the orc warrior but do no damage.
You squeeze the orc warrior, but do no damage.
The orc warrior is heavily wounded.
You constrict the orc warrior, but do no damage.
The orc priest invokes the aid of Beogh against you.
Beogh smites you!
The orc warrior hits you with a +0 battleaxe!
* * * LOW HITPOINT WARNING * * *
You fade into invisibility!
You constrict the orc warrior. The orc warrior misses you.
It was a potion of curing.
You feel better.
You constrict the orc warrior! The orc warrior barely misses you.
You hit the orc warrior but do no damage.
You tentacle-slap the orc warrior.
You kill the orc warrior!
Unknown command.
The orc priest mumbles some strange prayers to Beogh against you.
Beogh smites you!
* * * LOW HITPOINT WARNING * * *
Items here: ))) [[ †.
You feel better.
You closely miss the orc priest. Your grab misses the orc priest.
You tentacle-slap the orc priest, but do no damage.
The orc priest mumbles some strange prayers to Beogh against you.
Beogh smites you!
* * * LOW HITPOINT WARNING * * *
Unknown command.
You hit the orc priest but do no damage.
You grab the orc priest. You constrict the orc priest.
The orc priest invokes the aid of Beogh against you.
Pain shoots through your body!
You die...

≈≈≈≈≈≈#
##.##.......
..≈≈≈≈≈≈##
####.#.....
#.....## #.##...#
#..... #.##..##
##..... #.##.###
....... #.##.##.
#..... #.##....
#....o### #.######
#.....@.# #.# #.
.........########.#
#.
.#.#.#...).....<..#
#.
.......##########
## ######.## # #.#
..# ####


You could see an orc priest (unable to see you).

Vanquished Creatures
  A steam dragon (D:6)
  An orc warrior (D:6)
  A black bear (D:5)
  Pargi (D:3)
  A phantom (D:4)
  A bombardier beetle (D:4)
  An orc priest (D:3)
  2 hounds
  2 jellies
  3 iguanas
  4 orc wizards
  4 gnolls (D:3)
  4 adders
  3 white imps
  4 dart slugs
  2 ribbon worms
  21 orcs
  9 bats
  8 endoplasms
  4 giant cockroaches
  7 goblins
  6 hobgoblins
  A jackal (D:2)
  9 kobolds
  5 quokkas
  8 ball pythons
  4 frilled lizards
  5 rats
122 creatures vanquished.

Vanquished Creatures (others)
  A ball python (D:4)
1 creature vanquished.

Grand Total: 123 creatures vanquished

Notes
Turn   | Place    | Note
-------+----------+-------------------------------------------
     0 | D:1      | MollyMolluskus the Octopode Fighter began the quest for the
                  | Orb.
     0 | D:1      | Reached XP level 1. HP: 16/16 MP: 1/1
    81 | D:1      | Reached XP level 2. HP: 20/21 MP: 2/2
   158 | D:1      | Reached skill level 1 in Stealth
   302 | D:1      | Found Qowkair's Antique Weapon Boutique.
   678 | D:2      | Reached XP level 3. HP: 20/26 MP: 3/3
   711 | D:2      | Found Sibusah's Magic Scroll Boutique.
   731 | D:2      | Bought a scroll of identify for 26 gold pieces
   781 | D:2      | Found Onuel's Magic Scroll Emporium.
   904 | D:2      | Found a faded altar of an unknown god.
   989 | D:2      | Reached XP level 4. HP: 31/31 MP: 4/4
  1310 | D:2      | Found Urrea's Armour Shop.
  1655 | D:3      | Reached XP level 5. HP: 12/36 MP: 5/5
  1789 | D:3      | Noticed Pargi
  1815 | D:3      | Killed Pargi
  1816 | D:3      | Reached XP level 6. HP: 42/43 MP: 6/6
  2412 | D:3      | Found a sacrificial altar of Ru.
  2653 | D:4      | Reached XP level 7. HP: 44/48 MP: 7/7
  2820 | D:4      | Found a staircase to the Ecumenical Temple.
  2828 | Temple   | Entered the Ecumenical Temple
  3227 | D:4      | Found a glowing silver altar of Zin.
  3227 | D:4      | Found a shimmering blue altar of Sif Muna.
  3237 | D:5      | Entered Level 5 of the Dungeon
  3336 | D:1      | Bought an ichor-stained dagger for 140 gold pieces
  3336 | D:1      | Identified the +10 dagger of the Shrinking Asp {flame,
                  | *Noise rElec rPois Dex+4} (You bought it in a shop on level
                  | 1 of the Dungeon)
  3476 | D:5      | Reached skill level 1 in Short Blades
  3479 | D:5      | Reached skill level 5 in Unarmed Combat
  3526 | D:5      | Found a stormy altar of Qazlal.
  3934 | D:6      | Noticed a steam dragon
  3937 | D:6      | Killed a steam dragon
  3938 | D:6      | Reached skill level 5 in Dodging
  3938 | D:6      | Reached XP level 8. HP: 54/54 MP: 8/8
  4040 | D:6      | Reached skill level 5 in Fighting
  4145 | D:6      | HP: 1/55 [orc priest/divine providence (10)]
  4146 | D:6      | Killed from afar by an orc priest

Illustrated notes

Levels and vault maps discovered:
D:1:      lemuel_arrival_cross, layout_rooms, serial_shops, shop
D:2:      layout_basic, shapermc_ecumenical_altar_mp_ritualfount, serial_shops,
          shop, shop, shop, minmay_joined_circles
D:3:      layout_basic, mainiacjoe_overflow_alcove_2, uniq_pargi
D:4:      layout_cave_pools, gammafunk_temple_overflow_elements,
          minmay_temple_entry_trees
D:5:      nicolae_cairo_tiling_large_dashed, layout_loops_ring,
          old_standard_altar
D:6:      cheibrodos_fertilizer, layout_loops_corners, minivault_19,
          centaur_isle
Temple:   grunt_temple_mini_profane

Skill      XL: |  1  2  3  4  5  6  7  8 |
---------------+-------------------------+-----
Stealth        | 1 2 3 4 |  4.0
Unarmed Combat | 3 4 5 |  5.6
Dodging        | 4 5 |  5.1
Fighting       | 4 5 |  5.1
Shields        | 4 |  4.0
Short Blades   | 2 |  2.6

Action                     |  1- 3 |  4- 6 |  7- 9 || total
---------------------------+-------+-------+-------++-------
  Melee: Unarmed           |    34 |       |       ||    34
         Constrict         |    19 |    27 |    13 ||    59
         Tentacles         |    14 |    18 |    14 ||    46
         Short sword       |    40 |   115 |       ||   155
         Punch             |       |     4 |     6 ||    10
         Dagger            |       |     4 |    53 ||    57
  Throw: Stone             |       |     3 |       ||     3
         Boomerang         |       |     4 |       ||     4
    Use: Scroll            |     6 |     2 |     4 ||    12
         Potion            |       |     1 |     3 ||     4
   Stab: Sleeping          |     3 |     5 |     7 ||    15
 Armour: Skin              |    17 |    25 |    11 ||    53
  Dodge: Dodged            |    43 |    61 |    30 ||   134
  Block: Buckler           |    19 |    23 |    11 ||    53
